Map: Ley Lines

Players

Vaisravana

  • Race: Zerg Zerg
  • Spawn Location: 1:00

A.I. 2 (Very Hard) - Winner!

  • Race: Zerg Zerg
  • Spawn Location: 7:00

VOD

Have the link to the VOD?

Description

Time

  • Played on: May 5, 2025, 8:16 a.m.
  • Length: 1:43
Show
View Real Time Build Order
Export as new Build Order

Vaisravana Zerg 

Build Orders: Pool Only 

Get SALT Encoding   

  12  0:17  Spawning Pool  
  11  0:21  Drone  
  11  0:26  Drone  
  13  0:30  Drone  
  14  0:40  Overlord  
  14  1:04  Zergling x4  
  16  1:05  Zergling x2, Queen  
  19  1:16  Zergling x2  
Show
View Real Time Build Order
Export as new Build Order

A.I. 2 (Very Hard) Zerg - Winner!

Build Orders: Pool Only 

Get SALT Encoding   

  12  0:00  Drone  
  13  0:08  Drone  
  14  0:17  Overlord  
  14  0:33  Spawning Pool  
  13  0:36  Drone  
  13  0:41  Extractor  
  13  0:43  Drone  
  13  0:47  Drone  
  15  1:20  Zergling x6  
Tags
 
Matchup
ZvZ
Race
Zerg
Spawn Locations
Cross Positions
Add a new tag
Caveats
  • Supply blocks, unpowered buildings, or Contaminate may cause inaccurate times.
  • Supply counts are checked every 10 seconds.